 Dungeon Crawl Stone Soup version 0.22.1-2-g9c5b331383 (webtiles) character file.

95 Peterchen the Chopper (level 4, -3/39 HPs)
             Began as a Minotaur Berserker on Dec 19, 2018.
             Was a Believer of Trog.
             Slain by an ancient zyme (11 damage)
             ... on level 1 of the Abyss.
             The game lasted 00:05:03 (2298 turns).

Peterchen the Chopper (Minotaur Berserker)          Turns: 2298, Time: 00:05:04

Health: -3/39      AC:  3    Str: 22    XL:     4   Next: 39%
Magic:  3/3        EV: 12    Int:  4    God:    Trog [**....]
Gold:   72         SH:  0    Dex: 10    Spells: 3/3 levels left

rFire    . . .     SeeInvis .   a - +0 hand axe
rCold    . . .     Gourm    .   (no shield)
rNeg     . . .     Faith    .   g - +0 leather armour
rPois    .         Spirit   .   (helmet restricted)
rElec    .         Reflect  .   (no cloak)
rCorr    .         Harm     .   (no gloves)
MR       .....                  (no boots)
Stlth    +.........             (no amulet)
HPRegen  0.00/turn              (no ring)
MPRegen  0.08/turn              (no ring)

@: non-regenerating, diseased, very slow
A: retaliatory headbutt, horns 2
a: Berserk, Trog's Hand, Renounce Religion


You were on level 1 of the Abyss.
You worshipped Trog.
Trog was pleased with you.
You were not hungry.

You visited 1 branch of the dungeon, and saw 3 of its levels.
You visited the Abyss 1 time.

You collected 72 gold pieces.

Inventory:

Hand Weapons
 a - a +0 hand axe (weapon)
 w - the +5 great sword of the Lumpy Wonders {slice, rN++ Str+2 Int-2, unknown}
   (You found it on level 1 of the Abyss)

   It inflicts extra damage upon your enemies.
   It affects your strength (+2).
   It affects your intelligence (-2).
   It greatly protects you from negative energy.
Missiles
 f - 8 curare-tipped needles
 p - 2 tomahawks (quivered)
 v - 5 needles of sleeping
Armour
 g - a +0 leather armour (worn)
Scrolls
 d - 2 scrolls of blinking {unknown}
 e - 2 scrolls of amnesia {unknown}
 h - 2 scrolls of identify {unknown}
 i - a scroll of enchant armour {unknown}
 j - a scroll of teleportation {unknown}
 m - 3 scrolls of enchant weapon {unknown}
 n - a scroll of noise {unknown}
 o - a scroll of remove curse {unknown}
Potions
 b - 2 potions of flight {unknown}
 k - 3 potions of mutation {unknown}
 l - a potion of heal wounds {unknown}
 q - a potion of lignification {unknown}
 r - a potion of brilliance {unknown}
 s - a potion of cancellation {unknown}
 t - a potion of might {unknown}
Comestibles
 c - 5 rations
 u - 9 chunks of flesh


   Skills:
 - Level 3.6 Fighting
 * Level 6.3 Axes
 - Level 2.4 Armour
 - Level 2.1 Dodging


You had 3 spell levels left.
You didn't know any spells.
Your spell library was empty.

Dungeon Overview and Level Annotations

Branches:
Dungeon (3/15)

Altars:
Kikubaaqudgha
Makhleb
Qazlal
Xom

Annotations:
D:3 2 runed doors, antary's ghost, amateur SpEn


Innate Abilities, Weirdness & Mutations

You reflexively headbutt those who attack you in melee.
You have a pair of horns on your head.


Message History

There is a corrupted altar of Lugonu here.
Found a fizzy orange potion.
k - 3 fizzy orange potions (gained 1)
There are no items here.
Found a translucent great sword.
You see here a translucent great sword.
w - a translucent great sword An ancient zyme comes into view.
You feel yourself growing ill in the presence of the ancient zyme.
You feel ill. The ancient zyme closely misses you. You furiously retaliate!
You headbutt the ancient zyme! The ancient zyme hits you!
The ancient zyme hits you! The ancient zyme closely misses you.
You feel ill.
You enter the shallow water.
Moving in this stuff is going to be slow.
The ancient zyme hits you but does no damage.
The ancient zyme hits you!
* * * LOW HITPOINT WARNING * * *
The ancient zyme barely misses you. The ancient zyme hits you!
You die...

# #.##. ≈≈#.
#..#.# ≈≈..#
#.....
≈≈≈#.###.....
#≈≈≈≈......#
###♣≈≈≈...# #.
#...♣≈≈≈.# ##.
#.#.≈≈≈@# ...
###≈≈≈x#
.§.##..#≈≈≈##
#..#...≈≈≈≈#..
##.....##≈≈≈♣#
#
#.#.#...##≈≈≈≈.
#.###..###.#
.≈≈≈≈ .. ..
##### ..≈≈≈≈ ##
#
.#..##.#..#≈≈≈


You could see an ancient zyme.

Vanquished Creatures
  An orc wizard (D:3)
  An adder (D:3)
  A worm (D:2)
  A dart slug (D:1)
  5 orcs (D:3)
  8 bats
  2 giant cockroaches
  4 goblins
  5 hobgoblins
  3 jackals (D:2)
  A quokka (D:2)
  3 ball pythons
  4 frilled lizards
  2 kobolds
  5 rats
46 creatures vanquished.

Notes
Turn   | Place    | Note
-------+----------+-------------------------------------------
     0 | D:1      | Peterchen the Minotaur Berserker began the quest for the
                  | Orb.
     0 | D:1      | Reached XP level 1. HP: 19/19 MP: 0/0
    34 | D:1      | Reached skill level 4 in Axes
    95 | D:1      | Reached XP level 2. HP: 19/26 MP: 1/1
   637 | D:2      | Reached skill level 5 in Axes
   824 | D:2      | Reached XP level 3. HP: 30/31 MP: 2/2
   857 | D:2      | Found a burning altar of Makhleb.
   857 | D:2      | Found an ancient bone altar of Kikubaaqudgha.
   858 | D:2      | Found a stormy altar of Qazlal.
   858 | D:2      | Found a shimmering altar of Xom.
   930 | D:2      | Reached ** piety under Trog
  2118 | D:3      | Reached skill level 6 in Axes
  2118 | D:3      | Reached XP level 4. HP: 39/39 MP: 3/3
  2134 | D:3      | Found a large runed door.
  2137 | D:3      | Found a large runed door.
  2154 | D:3      | Noticed antary's ghost (amateur SpEn)
  2218 | D:3      | Cast into level 1 of the Abyss (orc)
  2237 | Abyss:1  | Found a corrupted altar of Lugonu.
  2280 | Abyss:1  | Got a translucent great sword
  2289 | Abyss:1  | Noticed an ancient zyme
  2298 | Abyss:1  | Slain by an ancient zyme

Skill      XL: |  1  2  3 |
---------------+----------+-----
Axes           | 4 5 6 |  6.3
Fighting       | |  3.6
Armour         | |  2.4
Dodging        | |  2.1

Action                   |  1- 3 |  4- 6 || total
-------------------------+-------+-------++-------
Melee: Hand axe          |   100 |    14 ||   114
       Headbutt          |    11 |     1 ||    12
Invok: Berserk           |     1 |       ||     1
 Stab: Sleeping          |     1 |       ||     1
  Eat: Chunk             |     2 |       ||     2
       Ration            |     1 |       ||     1
Armor: Animal skin       |     6 |       ||     6
       Leather armour    |    19 |     3 ||    22
Dodge: Dodged            |    67 |    12 ||    79
